Map: Central Protocol

Players

speaknow (ByuN)

  • Race: Terran Terran
  • League: Platinum

AcerNerchio (Nerchio) - Winner!

  • Race: Zerg Zerg

VOD

Have the link to the VOD?

Description

Time

  • Played on: Dec. 14, 2015, 11:29 p.m.
  • Length: 12:27
Show
View Real Time Build Order
Export as new Build Order

speaknow Terran 

Build Orders: MMM Bio 

Get SALT Encoding   

  12  0:00  SCV  
  13  0:13  SCV  
  14  0:17  Supply Depot  
  14  0:25  SCV  
  15  0:29  Refinery  
  15  0:41  Barracks  
  15  0:45  SCV  
  17  0:57  SCV  
  17  1:02  Barracks  
  17  1:09  SCV  
  18  1:23  Barracks  
  18  1:24  SCV  
  19  1:29  Reaper  
  20  1:41  Orbital Command  
  20  1:50  Reaper  
  21  1:57  Supply Depot  
  21  2:01  Reaper  
  21  2:03  Refinery  
  21  2:07  SCV  
  23  2:18  Reaper  
  23  2:21  SCV  
  25  2:26  Reaper  
  25  2:28  Supply Depot  
  26  2:33  SCV  
  27  2:40  Reaper  
  28  2:45  SCV  
  29  2:53  Reaper  
  29  2:57  SCV  
  31  3:08  Command Center  
  31  3:11  SCV, Reaper  
  34  3:12  Reaper  
  34  3:18  Supply Depot  
  34  3:24  SCV  
  36  3:37  SCV  
  36  3:39  Barracks Tech Lab  
  35  3:44  Barracks Reactor  
  35  3:49  SCV  
  35  3:50  Barracks Reactor  
  35  3:52  Engineering Bay  
  36  3:59  Marine  
  36  4:01  SCV  
  36  4:05  Stimpack  
  36  4:13  SCV  
  37  4:18  Terran Infantry Weapons Level 1  
  37  4:20  Orbital Command  
  37  4:22  Marine x3  
  40  4:25  SCV, Factory  
  41  4:32  Marine  
  41  4:33  Marine  
  41  4:34  Bunker  
  41  4:37  SCV  
  44  4:44  Marine x3  
  47  4:50  Marine  
  47  4:51  Marine  
  49  4:53  SCV x2  
  50  5:05  SCV x2  
  50  5:06  Marine x2  
  50  5:07  Supply Depot, Marine  
  54  5:12  Marine x2  
  57  5:17  SCV x2, Supply Depot  
  59  5:22  Starport  
  59  5:25  Factory Reactor  
  59  5:29  SCV x2  
  59  5:34  Marine x4  
  65  5:37  Marauder  
  65  5:41  SCV x2  
  69  5:43  Refinery  
  69  5:45  Supply Depot  
  69  5:54  Marine x2  
  69  5:55  Marine x2  
  73  5:58  SCV x2  
  73  6:04  Supply Depot  
  75  6:07  Marauder  
  75  6:08  Factory Tech Lab  
  75  6:09  Medivac  
  75  6:10  Medivac  
  81  6:12  Terran Infantry Armor Level 1  
  81  6:16  Marine x4  
  85  6:28  Barracks, Marauder  
  85  6:29  Barracks  
  87  6:36  Supply Depot  
  87  6:38  Refinery  
  87  6:39  Medivac x2  
  89  6:43  Marine x3  
  89  6:44  Marine  
  95  6:52  Siege Tank  
  98  6:59  Marine  
  98  7:01  Marine x4  
  95  7:17  Marine  
  95  7:18  Barracks Reactor  
  95  7:19  Barracks Reactor, Marine x2  
  95  7:21  Marine x2  
  99  7:24  Supply Depot  
  99  7:25  Siege Tank  
  102  7:32  Medivac  
  102  7:35  Marauder  
  106  7:37  Medivac  
  106  7:41  Marine  
  106  7:42  Marine  
  110  7:45  Marine x2  
  110  7:47  Supply Depot  
  110  7:49  Combat Shields  
  110  8:00  Marine x2  
  110  8:01  Marine x4  
  110  8:02  Marine  
  117  8:12  Command Center  
  116  8:27  Marine x5  
  116  8:28  Marine x3  
  116  8:31  Siege Tank, Marine  
  128  8:35  Armory, Engineering Bay  
  123  8:52  Marine  
  123  8:53  Marine x6  
  123  8:54  Marine  
  125  8:57  Marine  
  126  9:08  Siege Tank  
  129  9:10  Marine x2  
  129  9:11  Marine x6  
  129  9:12  Supply Depot  
  129  9:15  Supply Depot, Marine  
  138  9:19  SCV x2  
  139  9:31  Marine  
  139  9:32  Marine x5  
  139  9:35  Marine x2  
  147  9:39  Marine  
  147  9:40  Siege Tank  
  151  9:47  Terran Infantry Weapons Level 2  
  150  10:00  Marine x2  
  150  10:01  Marine x6  
  150  10:04  Marine  
  150  10:18  Marine x2  
  129  10:21  Marine  
  129  10:24  Marine x4  
  129  10:25  Marine  
  129  10:30  Siege Tank  
  129  10:33  Marine  
  132  10:49  Medivac x2  
  131  10:53  Marine x6  
  131  10:55  Marine  
  138  11:02  Orbital Command  
  138  11:11  Siege Tank  
  141  11:20  Marine  
  141  11:21  Marine x3  
  141  11:22  Marine  
  141  11:23  Marine  
  147  11:35  Marine x3  
  147  11:38  Marine x2  
  147  11:39  Marine x2  
  136  11:41  Marine  
  136  11:42  Marine  
  127  11:53  Marine x3  
  85  11:56  Marine  
Show
View Real Time Build Order
Export as new Build Order

AcerNerchio Zerg - Winner!

Build Orders: Hatch First 

Get SALT Encoding   

  12  0:00  Drone  
  13  0:12  Overlord  
  13  0:17  Drone  
  14  0:30  Drone x2  
  14  0:35  Drone  
  17  0:53  Hatchery  
  17  0:55  Drone  
  17  0:58  Drone  
  18  1:12  Spawning Pool  
  18  1:14  Drone  
  18  1:17  Drone  
  19  1:20  Extractor  
  18  1:31  Drone  
  19  1:38  Overlord  
  19  1:59  Queen, Zergling x2  
  19  2:01  Zergling x2  
  23  2:04  Queen  
  23  2:05  Zergling x2  
  26  2:12  Roach Warren  
  26  2:13  Drone  
  26  2:16  Drone  
  26  2:21  Drone  
  28  2:27  Drone  
  29  2:32  Drone  
  30  2:37  Overlord  
  30  2:44  Overlord  
  29  2:55  Roach x2  
  33  3:04  Roach  
  34  3:08  Roach x3  
  40  3:14  Roach  
  42  3:20  Drone x2  
  42  3:21  Drone  
  42  3:24  Drone  
  42  3:27  Drone  
  47  3:31  Drone  
  48  3:36  Drone  
  49  3:42  Drone x3  
  49  3:47  Overlord  
  52  3:50  Overlord  
  52  3:55  Overlord  
  52  3:59  Extractor  
  51  4:03  Drone  
  51  4:08  Evolution Chamber x2, Drone  
  51  4:14  Drone  
  51  4:15  Drone  
  51  4:16  Drone x3  
  56  4:20  Drone x2  
  58  4:24  Drone x2  
  58  4:29  Roach  
  62  4:35  Roach  
  62  4:36  Zerg Melee Weapons Level 1  
  64  4:40  Zerg Ground Armor Level 1  
  64  4:44  Extractor  
  63  4:47  Roach x2  
  63  4:52  Drone x3  
  70  4:59  Drone x3  
  72  5:00  Drone x2  
  72  5:03  Metabolic Boost  
  74  5:07  Drone  
  74  5:11  Drone  
  75  5:15  Lair  
  75  5:26  Overlord x2  
  74  5:36  Drone x2  
  74  5:40  Extractor  
  74  5:42  Hatchery  
  74  5:44  Overlord  
  74  5:51  Roach x5  
  84  5:57  Overlord  
  84  6:01  Overlord x2  
  84  6:05  Roach x2  
  84  6:06  Roach  
  90  6:17  Glial Reconstitution  
  90  6:24  Queen  
  92  6:28  Zergling x2  
  92  6:29  Zergling x10  
  98  6:33  Ravager x5  
  98  6:35  Zergling x2  
  98  6:36  Zergling x6  
  107  6:40  Zergling x2  
  107  6:46  Overlord  
  108  6:47  Zerg Melee Weapons Level 2  
  108  7:00  Drone x2  
  108  7:01  Drone x4  
  114  7:06  Roach x3  
  109  7:11  Queen x2  
  106  7:17  Infestation Pit  
  106  7:18  Zergling x2  
  106  7:19  Zergling x4  
  108  7:23  Zergling x4  
  108  7:27  Zergling x4  
  108  7:28  Zergling x2  
  108  7:29  Ravager  
  114  7:30  Ravager  
  114  7:33  Zergling x2  
  116  7:37  Zergling x2  
  116  7:38  Zergling x2  
  116  7:42  Zerg Ground Armor Level 2  
  113  7:44  Drone  
  113  7:50  Drone  
  113  7:51  Drone x2  
  117  7:52  Drone x3  
  117  7:56  Drone x3  
  123  8:02  Roach x2  
  127  8:06  Infestor  
  127  8:11  Zergling x2  
  130  8:14  Zergling x2  
  130  8:15  Zergling x2  
  132  8:20  Zergling x2  
  132  8:23  Overlord  
  132  8:25  Overlord x3  
  132  8:26  Overlord  
  132  8:29  Overlord  
  132  8:32  Overlord  
  131  8:41  Overlord  
  131  8:44  Infestor  
  131  8:46  Zergling x2  
  131  8:47  Zergling x2  
  131  8:48  Zergling x4  
  136  8:52  Zergling x2  
  136  8:53  Zergling x10  
  136  8:54  Zergling x4  
  136  8:55  Zergling x2  
  144  8:59  Zergling x4  
  148  9:08  Hive  
  148  9:09  Pathogen Glands  
  147  9:10  Zergling x6  
  147  9:15  Zergling x2  
  150  9:19  Ravager x4  
  150  9:21  Extractor  
  150  9:24  Roach x3  
  159  9:25  Extractor  
  159  9:27  Roach x2  
  159  9:30  Roach  
  161  9:36  Zergling x10  
  166  9:47  Zergling x4  
  166  9:48  Overlord  
  168  9:59  Overlord x2  
  168  10:04  Roach  
  168  10:05  Roach x3  
  175  10:08  Roach x5  
  175  10:10  Roach  
  185  10:15  Roach x2  
  185  10:16  Roach  
  185  10:18  Roach  
  185  10:19  Roach x2  
  175  10:22  Roach  
  175  10:25  Roach  
  175  10:27  Pneumatized Carapace  
  177  10:29  Drone x2  
  177  10:35  Ultralisk Cavern  
  178  10:36  Zergling x2  
  178  10:37  Zergling x2  
  178  10:38  Zergling x2  
  178  10:41  Zergling x2  
  182  10:44  Zergling x2  
  182  10:51  Zergling x8  
  182  10:54  Hatchery, Infestor  
  187  10:58  Infestor  
  187  11:02  Zergling x8  
  187  11:03  Zergling x2  
  194  11:05  Overlord  
  194  11:07  Overlord  
  194  11:13  Overlord  
  187  11:18  Infestor  
  187  11:20  Infestor  
  187  11:37  Zergling x18  
  173  11:41  Extractor  
  173  11:42  Zergling x2  
  173  11:44  Extractor  
  165  11:49  Zergling x8  
  165  11:51  Zergling x2  
  150  11:56  Roach  
Tags
 
Add a new tag
Caveats
  • Supply blocks, unpowered buildings, or Contaminate may cause inaccurate times.
  • Supply counts are checked every 10 seconds.